 Dungeon Crawl Stone Soup version 0.31-a0-188-g5e087ee2ca (webtiles) character file.

Game seed: 11889620126588859846

1026 qw the Skirmisher (level 8, 0/45 HPs)
             Began as a Deep Elf Hunter on June 23, 2023.
             Shot with an arrow by an orc warrior (7 damage)
             ... on level 6 of the Dungeon.
             The game lasted 00:01:12 (3798 turns).

qw the Skirmisher (Deep Elf Hunter)                 Turns: 3798, Time: 00:01:13

Health: 0/45       AC: 11    Str: 14    XL:     8   Next: 2%
Magic:  10/10      EV: 15    Int: 14    God:
Gold:   332        SH:  0    Dex: 17    Spells: 7/7 levels left

rFire   + . .        j - +2 shortbow (heavy)
rCold   + . .        (shield currently unavailable)
rNeg    . . .        a - +1 scale mail {rC+}
rPois   .            (no helmet)
rElec   .            (no cloak)
rCorr   .            (no gloves)
SInv    .            (no boots)
Will    .....        (no amulet)
Stlth   +            l - +5 ring of evasion
HPRegen 0.27/turn    k - +4 ring of protection
MPRegen 0.12/turn

%: no passive effects
@: about to teleport
A: fire resistance 1, strong 1
a: no special abilities


You were on level 6 of the Dungeon.
You visited 1 branch of the dungeon, and saw 6 of its levels.

You collected 332 gold pieces.


Innate Abilities, Weirdness & Mutations

Your flesh is heat resistant. (rF+)
Your muscles are strong. (Str +4, Int/Dex -1)


   Skills:
 + Level 2.4 Fighting
 - Level 12.0 Ranged Weapons
 - Level 2.1 Armour
 - Level 3.1 Dodging
 - Level 1.2 Stealth


You had 7 spell levels left.
You didn't know any spells.
Your spell library was empty.

Inventory:

Hand Weapons
 j - a +2 heavy shortbow (weapon)
Armour
 a - a +1 scale mail of cold resistance (worn)
Jewellery
 k - a +4 ring of protection (right hand)
 l - a +5 ring of evasion (left hand)
Scrolls
 b - a scroll of teleportation
 f - a scroll of identify
Potions
 c - 2 potions of curing
 d - a potion of degeneration {unknown}
 e - a potion of heal wounds {unknown}
 g - a potion of haste {unknown}
 h - a potion of mutation
 i - 3 potions of invisibility {unknown}

Dungeon Overview and Level Annotations

Branches:
Dungeon (6/15)
 Temple: D:4-7

Altars:
Cheibriados
Gozag
Hepliaklqana
Makhleb
Xom

Shops:
D:2 [


Message History

You shoot an arrow. The arrow hits the orc priest.
The orc priest is almost dead.
The orc priest closely misses you. Something hits you.
The orc warrior unwields a +0 long sword.
The orc warrior wields a +0 orcbow.
The orc warrior shoots an arrow.
You shoot an arrow. The arrow hits the orc priest!
You kill the orc priest!
Something completely misses you.
The orc warrior shoots an arrow.
The arrow hits you!
You have reached level 8!
You feel clever.
3793 ||| Stepping ~*~*~tactically~*~*~ (outnumbered).
Enter note:
Enter note:
Enter note:
Enter note:
3794 ||| Stepping ~*~*~tactically~*~*~ (outnumbered).
Enter note:
Enter note:
Enter note:
Enter note: You shoot an arrow.
The arrow closely misses the orc warrior.
Something hits you but does no damage.
The orc warrior shoots an arrow.
The arrow misses you.
You hear a shout!
You shoot an arrow.
The arrow closely misses the orc warrior.
You hear some strange, mumbled words.
A puff of flame appears from out of thin air!
The puff of flame misses you.
The orc warrior shoots an arrow.
The arrow hits you! Something hits you.
The orc warrior shoots an arrow.
Reactivating autopickup.
3797 ||| READING 2 scrolls of teleportation.
As you read the scroll of teleportation, it crumbles to dust.
You feel strangely unstable.
The orc warrior shoots an arrow.
The arrow hits you but does no damage.
You shoot an arrow.
The arrow barely misses the orc warrior.
The orc warrior shoots an arrow.
The arrow hits you!
You die...

#.........######...#####.#......
#.....##..# ##..# #.##.....
#####.# # #.#####..##.... ..
#....###..#.### #.####......
####........... ###
#.......##.....
.....#####.......####...
.......@)........# #...
.....####o)......# #... ###
#........# #... o{oo..$o.......#
#... ######.........# #)..
##(((##........# #...
#.#(#(#........# ####
...#((#........# #.#.#.#..######


You could see an orc warrior.

Vanquished Creatures
  A steam dragon (D:6)
  A sky beast (D:6)
  A black bear (D:5)
  An ogre (D:6)
  A kobold brigand (D:6)
  2 scorpions
  A hound (D:4)
  A jelly (D:5)
  2 orc priests
  A sleepcap (D:5)
  2 iguanas
  Ijyb (D:5)
  An orc wizard (D:5)
  4 gnolls (D:4)
  6 adders
  A shadow imp (D:6)
  2 ufetubi (D:4)
  4 dart slugs
  7 orcs (D:5)
  4 ball pythons
  2 bats (D:1)
  3 endoplasms
  2 giant cockroaches (D:1)
  3 goblins
  4 hobgoblins
  3 jackals (D:3)
  7 kobolds
  3 quokkas
  3 frilled lizards
  2 rats (D:1)
76 creatures vanquished.

Vanquished Creatures (others)
  An orc wizard (D:6)
1 creature vanquished.

Grand Total: 77 creatures vanquished

Notes
Turn   | Place    | Note
-------+----------+-------------------------------------------
     0 | D:1      | qw the Deep Elf Hunter began the quest for the Orb.
     0 | D:1      | Reached XP level 1. HP: 12/12 MP: 3/3
     0 | D:1      | 0 ||| qw: Version: 0.3-a-9-g12657ce
     0 | D:1      | 0 ||| qw: Game counter: 3646
     0 | D:1      | 0 ||| qw: Always use a shield: true
     0 | D:1      | 0 ||| qw: God list: Okawaru
     0 | D:1      | 0 ||| qw: Allow faded altars: false
     0 | D:1      | 0 ||| qw: Do Orc after D:15 true
     0 | D:1      | 0 ||| qw: Do second Lair branch before Depths: true
     0 | D:1      | 0 ||| qw: Lair rune preference: random
     0 | D:1      | 0 ||| qw: Plans: Normal
     0 | D:1      | 0 ||| PLANNING D:1-11
   157 | D:1      | Reached skill level 6 in Ranged Weapons
   157 | D:1      | Reached XP level 2. HP: 16/16 MP: 4/4
   502 | D:1      | Found a faded altar of an unknown god.
   979 | D:1      | 979 ||| UPGRADING to +0 ring mail.
   989 | D:1      | 989 ||| DROPPING +0 leather armour.
   990 | D:1      | 990 ||| READING scroll labelled ZUMOQA HIPNOER.
  1091 | D:1      | 1091 ||| READING scroll labelled XODUF CECRUUG.
  1096 | D:1      | 1096 ||| READING scroll labelled RIMOSO AQORHE.
  1097 | D:1      | 1097 ||| READING scroll labelled FODUAM MOIMO.
  1098 | D:1      | 1098 ||| DROPPING scroll of butterflies.
  1155 | D:2      | Reached XP level 3. HP: 14/20 MP: 5/5
  1352 | D:2      | Found Luuhidurgh's Armour Boutique.
  1358 | D:2      | 1358 ||| SHOPLISTING +1 pair of boots of Intuition {rElec
                  | rPois Slay-4 Stlth-} (114 gold, have 109).
  1358 | D:2      | 1358 ||| SHOPLISTING +2 helmet of the Heavens {rC+ Will++}
                  | (510 gold, have 109).
  1358 | D:2      | 1358 ||| SHOPLISTING +2 pair of boots of stealth (258 gold,
                  | have 109).
  1358 | D:2      | 1358 ||| SHOPLISTING +3 leather armour of Valiance {Harm
                  | rC++ Will- SInv} (498 gold, have 109).
  1358 | D:2      | 1358 ||| SHOPLISTING +4 Cigotuvi's embrace {Corpsefed
                  | rMiasma Drain rN+} (331 gold, have 109).
  1813 | D:2      | 1813 ||| UPGRADING to ring of protection from cold.
  1814 | D:2      | 1814 ||| UPGRADING to ring of resist corrosion.
  1815 | D:2      | 1815 ||| READING scroll labelled ESHAXT CUTRANO.
  1816 | D:2      | 1816 ||| READING scroll labelled RAPLAN PIHUME.
  1817 | D:2      | 1817 ||| READING scroll labelled MEHIB UNYE.
  1818 | D:2      | 1818 ||| READING scroll labelled HAN KIASSOST.
  1856 | D:3      | Reached skill level 7 in Ranged Weapons
  1863 | D:3      | 1863 ||| FLEEEEING.
  1864 | D:3      | 1864 ||| FLEEEEING.
  2170 | D:3      | 2170 ||| READING 2 scrolls of identify.
  2170 | D:3      | 2170 ||| IDENTIFYING ruby potion
  2201 | D:4      | Reached XP level 4. HP: 25/25 MP: 6/6
  2215 | D:4      | Reached skill level 8 in Ranged Weapons
  2529 | D:4      | Noticed a scorpion
  2532 | D:4      | Killed a scorpion
  2533 | D:4      | Reached XP level 5. HP: 29/29 MP: 7/7
  2584 | D:4      | Reached skill level 9 in Ranged Weapons
  2624 | D:4      | Found an opulent altar of Gozag.
  2655 | D:4      | Found a snail-covered altar of Cheibriados.
  2655 | D:4      | Found a hazy altar of Hepliaklqana.
  2657 | D:4      | Found a shimmering altar of Xom.
  2659 | D:4      | Found a burning altar of Makhleb.
  2662 | D:4      | 2662 ||| UPGRADING to +4 ring of protection.
  2664 | D:4      | 2664 ||| UPGRADING to +5 ring of evasion.
  2666 | D:4      | 2666 ||| UPGRADING to ring of protection from cold.
  2668 | D:4      | 2668 ||| UPGRADING to +4 ring of protection.
  2670 | D:4      | 2670 ||| DROPPING ring of resist corrosion.
  2671 | D:4      | 2671 ||| DROPPING ring of protection from cold.
  2707 | D:5      | Entered Level 5 of the Dungeon
  2882 | D:5      | Reached XP level 6. HP: 20/35 MP: 8/8
  2946 | D:5      | Reached skill level 10 in Ranged Weapons
  2972 | D:5      | Reached skill level 3 in Dodging
  3129 | D:5      | Noticed Ijyb
  3138 | D:5      | Killed Ijyb
  3139 | D:5      | Reached XP level 7. HP: 34/40 MP: 9/9
  3336 | D:5      | 3336 ||| UPGRADING to +1 scale mail of cold resistance.
  3346 | D:5      | 3346 ||| DROPPING +0 ring mail.
  3347 | D:5      | 3347 ||| READING 3 scrolls labelled KAAN YMUNNE.
  3348 | D:5      | 3348 ||| READING 2 scrolls of enchant weapon.
  3348 | D:5      | 3348 ||| ENCHANTING +0 heavy shortbow.
  3349 | D:5      | 3349 ||| READING scroll of enchant weapon.
  3349 | D:5      | 3349 ||| ENCHANTING +1 heavy shortbow.
  3350 | D:5      | 3350 ||| DRINKING 2 lumpy orange potions.
  3350 | D:5      | Gained mutation: Your muscles are strong. (Str +4, Int/Dex
                  | -1) [potion of mutation]
  3350 | D:5      | Gained mutation: Your flesh is heat resistant. (rF+)
                  | [potion of mutation]
  3351 | D:5      | 3351 ||| READING 2 scrolls of identify.
  3351 | D:5      | 3351 ||| IDENTIFYING sedimented clear potion
  3352 | D:5      | 3352 ||| DROPPING potion of lignification.
  3372 | D:6      | Noticed a steam dragon
  3375 | D:6      | Killed a steam dragon
  3492 | D:6      | 3492 ||| Stepping ~*~*~tactically~*~*~ (outnumbered).
  3498 | D:6      | Reached skill level 11 in Ranged Weapons
  3765 | D:6      | Reached skill level 12 in Ranged Weapons
  3781 | D:6      | Noticed a +0 spear
  3782 | D:6      | Noticed a +0 dagger
  3782 | D:6      | Noticed a +0 falchion
  3783 | D:6      | Noticed a +0 falchion
  3784 | D:6      | Noticed a +0 short sword
  3784 | D:6      | Noticed a +0 short sword
  3785 | D:6      | Noticed a +0 dagger
  3785 | D:6      | Noticed a +0 spear
  3786 | D:6      | 3786 ||| Stepping ~*~*~tactically~*~*~ (outnumbered).
  3793 | D:6      | Reached XP level 8. HP: 16/45 MP: 10/10
  3793 | D:6      | 3793 ||| Stepping ~*~*~tactically~*~*~ (outnumbered).
  3794 | D:6      | 3794 ||| Stepping ~*~*~tactically~*~*~ (outnumbered).
  3796 | D:6      | HP: 10/45 [orc warrior/arrow (8)]
  3797 | D:6      | 3797 ||| READING 2 scrolls of teleportation.
  3798 | D:6      | Shot with an arrow by an orc warrior

Levels and vault maps discovered:
D:1:      roderic_crossed_star, layout_basic,
          ebering_ecumenical_altar_sacrificial, hangedman_feature_mirror,
          hangedman_decor_slide_cut
D:2:      layout_loops_ring, serial_shops, nicolae_shop_rolling_square,
          corner_web_ring, minmay_tetromino_s4
D:3:      layout_rooms
D:4:      layout_rooms, minitemple, kennysheep_mini_moat
D:5:      layout_rooms, uniq_ijyb
D:6:      layout_rooms, nicolae_uskayaw_en_pointe

Skill      XL: |  1  2  3  4  5  6  7 |
---------------+----------------------+-----
Ranged Weapons | 6 7 8 9 10 12 | 12.0
Fighting       | 2 |  2.4
Dodging        | 3 |  3.1
Armour         | 2 |  2.1
Stealth        | |  1.2

Action                     |  1- 3 |  4- 6 |  7- 9 || total
---------------------------+-------+-------+-------++-------
   Fire: Shortbow          |    79 |    87 |    51 ||   217
    Use: Scroll            |     9 |       |     5 ||    14
         Potion            |       |       |     1 ||     1
 Armour: Leather armour    |     2 |       |       ||     2
         Ring mail         |    12 |     6 |     2 ||    20
         Scale mail        |       |       |    16 ||    16
  Dodge: Dodged            |    23 |    26 |    31 ||    80

Table legend:
 A = Non-vault XP
 B = Vault XP
 C = Vault XP percentage of total XP
 D = Non-vault monster count
 E = Vault monster count
 F = Vault count percentage of total count
                 A         B        C        D         E       F
            +---------+---------+-------+---------+---------+-------
      Total |    1421 |      45 |   3.1 |      72 |       4 |   5.3
            +---------+---------+-------+---------+---------+-------
        D:1 |      21 |       6 |  22.2 |      13 |       2 |  13.3
        D:2 |      24 |       4 |  14.3 |       6 |       1 |  14.3
        D:3 |      33 |       0 |   0.0 |      10 |       0 |   0.0
        D:4 |     226 |       0 |   0.0 |      15 |       0 |   0.0
        D:5 |     447 |      35 |   7.3 |      16 |       1 |   5.9
        D:6 |     670 |       0 |   0.0 |      12 |       0 |   0.0
            +---------+---------+-------+---------+---------+-------
